 Dungeon Crawl Stone Soup version 0.23.2-40-g277498a001 (webtiles) character file.

Game seed: 6130546067578853235

77 Kukuleta the Chopper (level 4, -3/41 HPs)
             Began as a Hill Orc Monk on Sept 22, 2019.
             Slain by Natasha (10 damage)
             ... on level 3 of the Dungeon.
             The game lasted 00:11:34 (2424 turns).

Kukuleta the Chopper (Hill Orc Monk)                Turns: 2424, Time: 00:11:35

Health: -3/41      AC:  3    Str: 14    XL:     4   Next: 34%
Magic:  4/4        EV: 13    Int: 14    God:
Gold:   87         SH:  0    Dex: 13    Spells: 3/3 levels left

rFire    . . .     SeeInvis .   a - +0 hand axe
rCold    . . .     Gourm    .   (no shield)
rNeg     . . .     Faith    .   u - +0 robe
rPois    .         Spirit   .   (no helmet)
rElec    .         Reflect  .   (no cloak)
rCorr    .         Harm     .   (no gloves)
MR       .....                  f - +0 pair of boots (curse)
Stlth    ++........             (no amulet)
HPRegen  0.13/turn              i - +4 ring of intelligence
MPRegen  0.09/turn              (no ring)

@: slowed, very slow
A: no striking features
a: no special abilities


You were on level 3 of the Dungeon.
You were not hungry.

You visited 1 branch of the dungeon, and saw 3 of its levels.

You collected 87 gold pieces.

Inventory:

Hand Weapons
 a - a +0 hand axe (weapon)
 b - a +0 hunting sling
 n - a +0 morningstar
Missiles
 e - 67 stones (quivered)
Armour
 d - a cursed +0 leather armour
 f - a cursed +0 pair of boots (worn)
 s - a +0 chain mail
 u - a +0 robe (worn)
Jewellery
 i - a +4 ring of intelligence (left hand)
Scrolls
 g - 4 scrolls of identify {unknown}
 k - a scroll of remove curse {unknown}
 l - 2 scrolls of teleportation {unknown}
 o - a scroll of enchant armour {unknown}
 p - a scroll of noise {unknown}
 r - a scroll of immolation {unknown}
 t - a scroll of magic mapping {unknown}
Potions
 h - 2 potions of heal wounds {unknown}
 j - a potion of brilliance {unknown}
 m - 2 potions of resistance {unknown}
 q - a potion of agility {unknown}
Comestibles
 c - 6 rations


   Skills:
 + Level 4.5 Fighting
 * Level 6.0 Axes
 - Level 2.4 Dodging
 - Level 1.5 Stealth


You had 3 spell levels left.
You didn't know any spells.
Your spell library was empty.

Dungeon Overview and Level Annotations

Branches:
Dungeon (3/15)

Altars:
Kikubaaqudgha
Sif Muna
Xom

Annotations:
D:3 Natasha


Message History

You resist with some effort.
You miss Natasha.
Natasha is severely wounded.
Natasha stares at you and mumbles some strange words.
You feel yourself slow down.
You miss Natasha.
Natasha is severely wounded.
Natasha claws you!
* * * LOW HITPOINT WARNING * * *
You barely miss Natasha.
Natasha is severely wounded.
Natasha barely misses you. Natasha misses you.
You closely miss Natasha.
Natasha is severely wounded.
Natasha claws you.
* * * LOW HITPOINT WARNING * * *
You closely miss Natasha.
Natasha is severely wounded.
Natasha claws you!
You die...

#.. ....#.. ##.$
_..... .....
....# .....
....# #.... ...
#....####.####..
#...(..†......
##.##.##..####.
#....@# .##
.......h..##
###....####
#.... #....
#.... .....
..####


You could see Natasha.

Vanquished Creatures
  2 adders
  A dart slug (D:1)
  3 leopard geckos (D:1)
  4 orcs
  A ball python (D:3)
  5 bats
  4 giant cockroaches
  6 goblins
  7 hobgoblins
  6 kobolds
  A quokka (D:2)
  A frilled lizard (D:1)
  6 rats
47 creatures vanquished.

Notes
Turn   | Place    | Note
-------+----------+-------------------------------------------
     0 | D:1      | Kukuleta the Hill Orc Monk began the quest for the Orb.
     0 | D:1      | Reached XP level 1. HP: 19/19 MP: 1/1
   265 | D:1      | Reached XP level 2. HP: 23/27 MP: 2/2
   555 | D:1      | Reached skill level 5 in Axes
   565 | D:1      | Reached XP level 3. HP: 29/33 MP: 3/3
  1972 | D:2      | Found a glowing golden altar of the Shining One.
  1983 | D:2      | Found a shimmering altar of Xom.
  1983 | D:2      | Found a shimmering altar of Xom.
  1986 | D:2      | Found an ancient bone altar of Kikubaaqudgha.
  1986 | D:2      | Found an ancient bone altar of Kikubaaqudgha.
  1986 | D:2      | Found a deep blue altar of Sif Muna.
  2198 | D:2      | Reached XP level 4. HP: 32/41 MP: 4/4
  2389 | D:3      | Found a deep blue altar of Sif Muna.
  2407 | D:3      | Reached skill level 6 in Axes
  2409 | D:3      | Noticed Natasha
  2424 | D:3      | Slain by Natasha

Skill      XL: |  1  2  3  4 |
---------------+-------------+-----
Fighting       | 4 |  4.5
Axes           | 5 6 |  6.0
Dodging        | |  2.4
Stealth        | |  1.5

Action                   |  1- 3 |  4- 6 || total
-------------------------+-------+-------++-------
Melee: Hand axe          |   163 |    29 ||   192
Throw: Stone             |     7 |       ||     7
 Stab: Sleeping          |     3 |     1 ||     4
  Eat: Chunk             |     3 |       ||     3
       Ration            |     1 |       ||     1
Armor: Robe              |    40 |     2 ||    42
Dodge: Dodged            |   143 |    19 ||   162
